[Event "Team 45 45 League T58"]
[Site "Internet Chess Club"]
[Date "2013.10.18"]
[Round "9"]
[White "minke"]
[Black "Greedy-Reedy"]
[Result "1-0"]
[WhiteElo "1925"]
[BlackElo "1775"]
[Opening "Scandinavian (center counter) defense"]
[ECO "B01"]
[Time "03:05:54"]
[TimeControl "2700+45"]

1. e4 d5 2. exd5 Qxd5 3. Nf3 Nf6 4. d4 Bg4 5. Be2 Nc6 6. c4 Qd6 7. d5 Ne5 8. O-O
Nxf3+ 9. Bxf3 h5 10. Nc3 a6 11. Qd3 g6 12. Ne4 Nxe4 13. Qxe4 Bg7 14. Bf4 Qd7 15.
Rfe1 Bf6 16. Rad1 Bxf3 17. Qxf3 O-O 18. Be5 Kg7 19. Qf4 Rac8 20. Rd3 b5 21. c5
Rfe8 22. d6 cxd6 23. Rxd6 Qb7 24. Rxf6 exf6 25. Qxf6+ Kh6 26. Qg7+ Kg5 27. Qf6+
Kh6 28. Qg7+ Kg5 29. f4+ Kg4 30. h3+ Kg3 31. Re3+ Kh4 32. Qf6+ g5 33. Qxg5#
{Black checkmated} 1-0

[Event "Team 45 45 League T58"]
[Site "Internet Chess Club"]
[Date "2013.10.18"]
[Round "9"]
[White "Tamarin"]
[Black "latayvia"]
[Result "1-0"]
[WhiteElo "1923"]
[BlackElo "1773"]
[Opening "Trompowsky attack (Ruth, Opocenský opening)"]
[ECO "A45"]
[Time "19:05:47"]
[TimeControl "2700+45"]

1. d4 Nf6 2. Bg5 Ne4 3. Bf4 d6 4. e3 Nd7 5. Nf3 c6 6. Nbd2 Ndf6 7. Nxe4 Nxe4 8.
Bd3 g5 9. Bxe4 gxf4 10. exf4 d5 11. Bd3 Bg4 12. c3 Qc7 13. h3 Bc8 14. Ne5 e6 15.
Qh5 Bg7 16. O-O Kf8 17. Bc2 f6 18. Nd3 Qf7 19. Qxf7+ Kxf7 20. Rfe1 b6 21. f5
exf5 22. Bd1 Bf8 23. Bh5+ Kg7 24. Re3 Bd6 25. Rae1 f4 26. Rf3 Kh6 27. Nxf4 Bxf4
28. Rxf4 Kxh5 29. Rxf6 Kg5 30. Rxc6 Bf5 31. Re5 h5 32. g3 {Black resigns} 1-0

[Event "Team 45 45 League T58"]
[Site "Internet Chess Club"]
[Date "2013.10.20"]
[Round "9"]
[White "Moondog"]
[Black "az2112"]
[Result "1-0"]
[WhiteElo "1691"]
[BlackElo "1669"]
[Opening "QGD semi-Slav: Bogolyubov variation"]
[ECO "D45"]
[Time "21:00:11"]
[TimeControl "2700+45"]

1. d4 d5 2. c4 c6 3. Nf3 Nf6 4. Nc3 e6 5. e3 Be7 6. Bd3 Nbd7 7. O-O O-O 8. Qe2
dxc4 9. Bxc4 Nb6 10. Bd3 Nbd5 11. e4 Nxc3 12. bxc3 c5 13. h3 Qc7 14. Bg5 b6 15.
Bxf6 Bxf6 16. e5 {Black resigns} 1-0

[Event "Team 45 45 League T58"]
[Site "Internet Chess Club"]
[Date "2013.10.21"]
[Round "9"]
[White "CKNIGHT3"]
[Black "zap2"]
[Result "1-0"]
[WhiteElo "1803"]
[BlackElo "1728"]
[Opening "King's Indian: Sämisch, orthodox, 7.d5"]
[ECO "E87"]
[Time "16:33:35"]
[TimeControl "2700+45"]

1. d4 d6 2. c4 g6 3. Nc3 Bg7 4. e4 Nf6 5. f3 O-O 6. Be3 e5 7. d5 b6 8. Qd2 Nbd7
9. O-O-O a5 10. g4 Nc5 11. h4 h5 12. Bg5 Qe8 13. Bxf6 Bxf6 14. gxh5 gxh5 15.
Nge2 Bg7 16. Nb5 Na6 17. Ng3 f6 18. Bh3 Qg6 19. Nf5 Bxf5 20. Bxf5 Qh6 21. Rhg1
Qxd2+ 22. Kxd2 Kh8 23. Rg6 Rf7 24. Nc3 Nc5 25. Ne2 Rg8 26. Rdg1 Re7 27. Ng3 Bf8
28. Rxg8+ Kxg8 29. Nxh5+ Kf7 30. Bg6+ Kg8 31. Nxf6+ Kg7 32. Be8+ Kxf6 33. Rg6#
{Black checkmated} 1-0

[Event "Team 45 45 League T58"]
[Site "Internet Chess Club"]
[Date "2013.10.18"]
[Round "9"]
[White "Riddick"]
[Black "sharky123"]
[Result "0-1"]
[WhiteElo "1871"]
[BlackElo "1700"]
[Opening "Caro-Kann: two knights variation"]
[ECO "B11"]
[Time "18:00:12"]
[TimeControl "2700+45"]

1. e4 c6 2. Nc3 d5 3. Nf3 dxe4 4. Nxe4 Nf6 5. Qe2 Nxe4 6. Qxe4 g6 7. Bc4 Bg7 8.
d3 Bf5 9. Qh4 h6 10. g4 Bc8 11. O-O b5 12. Bb3 Qd7 13. h3 h5 14. Ng5 e6 15. Re1
Qc7 16. gxh5 Rxh5 17. Qe4 Qe7 18. Qg4 Bxb2 19. Nxe6 Bxe6 20. Rxe6 fxe6 21. Qxg6+
Kd7 22. Qxh5 Bxa1 23. Be3 Na6 24. Kf1 Nc7 25. a4 bxa4 26. Bxa4 Nd5 27. Bd2 Rf8
28. c4 Bd4 29. cxd5 Rxf2+ 30. Ke1 exd5+ 31. Kd1 Rf1+ 32. Kc2 Qc5+ 33. Kb3 Rb1+
34. Ka2 Rb2+ 35. Ka1 Qa3# {White checkmated} 0-1

[Event "Team 45 45 League T58"]
[Site "Internet Chess Club"]
[Date "2013.10.18"]
[Round "9"]
[White "jt2000"]
[Black "losscause"]
[Result "1/2-1/2"]
[WhiteElo "1878"]
[BlackElo "1597"]
[Opening "Caro-Kann: exchange, Rubinstein variation"]
[ECO "B13"]
[Time "21:10:00"]
[TimeControl "2700+45"]

1. e4 c6 2. d4 d5 3. exd5 cxd5 4. Bd3 Nf6 5. c3 Nc6 6. Bf4 Bg4 7. Qb3 Na5 8.
Qa4+ Bd7 9. Qc2 Qb6 10. Nf3 e6 11. O-O Bb5 12. Bxb5+ Qxb5 13. Nbd2 Rc8 14. Ne5
Nc6 15. Ndf3 Ne4 16. Nxc6 bxc6 17. Ne5 c5 18. dxc5 Bxc5 19. a4 Qb7 20. Qe2 a5
21. Nd3 Bd6 22. Bxd6 Nxd6 23. Qe5 Ke7 24. b4 f6 25. Qe1 Rc4 26. Nc5 Qc8 27. f4
Ne4 28. Nxe4 Rxe4 29. Qd2 Qc4 30. bxa5 Ra8 31. Qb2 Qc7 32. Qb6 Kd7 33. Qb5+ Ke7
34. Qb6 Kd7 35. Qb5+ Ke7 36. a6 Qa7+ 37. Kh1 Qxa6 38. Qc5+ Qd6 39. Qb5 Rb8 40.
Qd3 {Game drawn by mutual agreement} 1/2-1/2

[Event "Team 45 45 League T58"]
[Site "Internet Chess Club"]
[Date "2013.10.20"]
[Round "9"]
[White "xwang1"]
[Black "kyoroogi"]
[Result "0-1"]
[WhiteElo "2119"]
[BlackElo "2163"]
[Opening "French: Tarrasch"]
[ECO "C03"]
[Time "17:02:04"]
[TimeControl "2700+45"]

1. e4 e6 2. d4 d5 3. Nd2 Be7 4. Ngf3 Nf6 5. e5 Nfd7 6. Bd3 c5 7. c3 Nc6 8. O-O
g5 9. dxc5 g4 10. Nd4 Ndxe5 11. Bb5 Bd7 12. N2b3 h5 13. Re1 Ng6 14. Qc2 Nce5 15.
Bxd7+ Qxd7 16. Bf4 Nxf4 17. Rxe5 Bf6 18. Ree1 O-O 19. Rad1 Rad8 20. Ne2 Qc7 21.
Nxf4 Qxf4 22. Nd4 h4 23. Re3 Kh8 24. Qe2 Rg8 25. g3 Qh6 26. c6 bxc6 27. Nxc6 Rc8
28. Ne5 Qh5 29. Rd4 hxg3 30. hxg3 Rg5 31. Nxf7+ Qxf7 32. Rxg4 Rxg4 33. Qxg4 Rc6
34. Rf3 Rc4 35. Qh3+ Kg7 36. Kg2 Re4 37. Qh1 Re2 38. Qc1 Qg6 39. a3 Bg5 40. Qd1
Qe4 41. b4 Rc2 42. Kg1 Rd2 {White resigns} 0-1

[Event "Team 45 45 League T58"]
[Site "Internet Chess Club"]
[Date "2013.10.20"]
[Round "9"]
[White "Otelo"]
[Black "Greedy-Reedy"]
[Result "1/2-1/2"]
[WhiteElo "1832"]
[BlackElo "1804"]
[Opening "French: Fort Knox variation"]
[ECO "C03"]
[Time "13:32:52"]
[TimeControl "2700+45"]

1. e4 e6 2. d4 d5 3. Nd2 dxe4 4. Nxe4 Bd7 5. Nf3 Bc6 6. Bd3 Nd7 7. O-O Ngf6 8.
Nxf6+ Qxf6 9. Be2 Bxf3 10. Bxf3 c6 11. c3 Be7 {Game drawn by mutual agreement}
1/2-1/2

[Event "Team 45 45 League T58"]
[Site "Internet Chess Club"]
[Date "2013.10.18"]
[Round "9"]
[White "DeepGreen"]
[Black "alexping"]
[Result "1-0"]
[WhiteElo "1958"]
[BlackElo "1873"]
[Opening "French: Winawer, advance, 5.a3"]
[ECO "C17"]
[Time "22:43:33"]
[TimeControl "2700+45"]

1. e4 e6 2. d4 d5 3. Nc3 Bb4 4. e5 c5 5. a3 cxd4 6. Qxd4 Nc6 7. Bb5 Bd7 8. Bxc6
Bxc3+ 9. Qxc3 Bxc6 10. Nf3 Ne7 11. O-O Rc8 12. Qd3 O-O 13. Nd4 Qc7 14. f4 Bd7
15. Bd2 Qc4 16. Bb4 Rfe8 17. Bxe7 Rxe7 18. Qd2 Qc5 19. Rf3 Qc7 20. Rc3 Qd8 21.
Rg3 Qf8 22. Qa5 a6 23. Qb6 Bc6 24. Re1 f6 25. Qb4 f5 26. Qd6 Qe8 27. Ree3 Qd7
28. Rg5 Rd8 29. Qb4 Qc7 30. Reg3 Rde8 31. a4 Qd8 32. a5 Rc7 33. Rc3 Qd7 34. Rgg3
Kf7 35. Qb6 Rec8 36. h4 Qe7 37. h5 Qh4 38. Rcf3 Qe7 39. Rg5 Bd7 40. Rfg3 Kf8 41.
Rxg7 Qxg7 42. Rxg7 Kxg7 43. Nxe6+ Bxe6 44. Qxe6 Rf8 45. h6+ Kh8 46. Qxd5 Re8 47.
e6 Rce7 48. Qe5+ Kg8 49. Qf6 Rc7 50. Qxf5 Rce7 51. Qf6 Rc7 52. f5 {Black
resigns} 1-0

[Event "Team 45 45 League T58"]
[Site "Internet Chess Club"]
[Date "2013.10.18"]
[Round "9"]
[White "bobhill"]
[Black "laurenpar"]
[Result "1-0"]
[WhiteElo "1934"]
[BlackElo "1892"]
[Opening "Old Benoni defense"]
[ECO "A43"]
[Time "23:00:23"]
[TimeControl "2700+45"]

1. d4 c5 2. d5 e6 3. dxe6 fxe6 4. Nf3 Nc6 5. Bg5 Nf6 6. c3 d5 7. e3 Bd6 8. Bd3
O-O 9. Nbd2 Qe8 10. O-O Qh5 11. h3 h6 12. Bxf6 Rxf6 13. e4 Kh8 14. Re1 Ne5 15.
Nxe5 Qxe5 16. Nf3 Rxf3 17. Qxf3 Qh2+ 18. Kf1 Bd7 19. Qg4 d4 20. e5 Bxe5 21. Qe4
{Black resigns} 1-0

[Event "Team 45 45 League T58"]
[Site "Internet Chess Club"]
[Date "2013.10.20"]
[Round "9"]
[White "RubberDuck"]
[Black "spongenotbob"]
[Result "0-1"]
[WhiteElo "1823"]
[BlackElo "1888"]
[Opening "QGD"]
[ECO "D52"]
[Time "04:30:44"]
[TimeControl "2700+45"]

1. d4 d5 2. c4 c6 3. Nf3 Nf6 4. Nc3 e6 5. Bg5 Nbd7 6. e3 Bb4 7. Rc1 Qa5 8. cxd5
exd5 9. Qb3 O-O 10. Bd3 Ne4 11. O-O f5 12. Nxe4 fxe4 13. Bxe4 h6 14. Bf4 g5 15.
Bg3 Nf6 16. Bd3 Nh5 17. Be5 Bg4 18. Qc2 Rf7 19. Bg6 Rd7 20. h3 Bxf3 21. gxf3 Ng7
22. Bh7+ Kf8 23. Qg6 Qd8 24. Qxh6 Bd6 25. Bf6 Qe8 26. Bxg7+ Rxg7 27. Qxd6+ Kf7
28. Bf5 Rd8 29. Be6+ Kg6 30. Bg4+ Rxd6 {White resigns} 0-1

[Event "Team 45 45 League T58"]
[Site "Internet Chess Club"]
[Date "2013.10.19"]
[Round "9"]
[White "Schack"]
[Black "xt"]
[Result "0-1"]
[WhiteElo "1702"]
[BlackElo "1729"]
[Opening "Queen's pawn, Mason variation"]
[ECO "D00"]
[Time "13:31:35"]
[TimeControl "2700+45"]

1. d4 d5 2. Bf4 Nf6 3. e3 e6 4. Nf3 Be7 5. Bd3 Nc6 6. c3 a6 7. Nbd2 O-O 8. Ne5
Nxe5 9. dxe5 Nd7 10. Qh5 f5 11. g4 g6 12. Qh3 Bg5 13. Bxg5 Qxg5 14. gxf5 Nxe5
15. Be2 Qxf5 16. Qxf5 Rxf5 17. f4 Nd7 18. h4 Nf6 19. O-O-O Bd7 20. h5 Nxh5 21.
Bg4 Rf6 22. Bxh5 gxh5 23. Rxh5 Be8 24. Rg1+ Rg6 25. Rgh1 Rg7 26. Rh6 Bg6 27. Nf3
Be4 28. Rf1 Bxf3 29. Rxf3 Re8 30. Rfh3 Ree7 31. Kd2 Rg2+ 32. Kc1 Rg6 33. R6h5
Reg7 34. f5 exf5 35. Rxf5 c6 36. Rfh5 Rg2 37. Re5 Rf2 38. Re8+ Kf7 39. Rh8 Rg1#
{White checkmated} 0-1

[Event "Team 45 45 League T58"]
[Site "Internet Chess Club"]
[Date "2013.10.20"]
[Round "9"]
[White "oldsj"]
[Black "jufral"]
[Result "1-0"]
[WhiteElo "1615"]
[BlackElo "1517"]
[Opening "Ruy Lopez: closed (9...Na5)"]
[ECO "C96"]
[Time "13:00:14"]
[TimeControl "2700+45"]

1. e4 e5 2. Nf3 Nc6 3. Bb5 a6 4. Ba4 Nf6 5. O-O b5 6. Bb3 Be7 7. Re1 d6 8. c3
O-O 9. h3 Na5 10. Bc2 h6 11. d4 exd4 12. cxd4 Nc6 13. Nbd2 Nb4 14. Bb1 d5 15. e5
Nh5 16. Nf1 g5 17. a3 Nc6 18. N3h2 Ng7 19. Qc2 Bf5 20. Qxc6 Bxb1 21. Rxb1 f6 22.
Ng4 Nf5 23. Qe6+ Kg7 24. Qxf5 h5 25. exf6+ Bxf6 26. Nxf6 Qxf6 27. Qxf6+ Rxf6 28.
Bxg5 Rf5 29. h4 Raf8 30. Re2 c5 31. Ng3 R5f7 32. Nxh5+ Kg6 33. Nf4+ Kh7 34. Re7
Rxe7 35. Bxe7 Rxf4 36. dxc5 Rc4 37. Rd1 d4 38. b3 Rc3 39. Rxd4 Rxb3 40. c6 Rc3
41. Rd6 Kg8 42. Rf6 a5 43. Rf5 Rxc6 44. Rxb5 Kf7 45. Bd8 a4 46. Ra5 Rd6 47. Bg5
Rd4 48. g3 Rc4 49. Kf1 Kg6 50. Ke2 Kh5 51. Kd3 Rc6 52. Rxa4 {Black resigns} 1-0

[Event "Team 45 45 League T58"]
[Site "Internet Chess Club"]
[Date "2013.10.18"]
[Round "9"]
[White "drsigmund1"]
[Black "mongmong"]
[Result "0-1"]
[WhiteElo "1617"]
[BlackElo "1636"]
[Opening "Queen's pawn"]
[ECO "A40"]
[Time "21:00:16"]
[TimeControl "2700+45"]

1. d4 e6 2. Nf3 Nf6 3. Bf4 d5 4. e3 c5 5. c3 Qb6 6. Qc2 Nc6 7. Nbd2 Bd7 8. Be2
Rc8 9. Ne5 cxd4 10. exd4 Nxd4 11. Qc1 Nxe2 12. Kxe2 Bb5+ 13. Ke1 Be7 14. a4 Bd7
15. Ndf3 a6 16. g4 Qd8 17. h4 Ne4 18. Qc2 Bc5 19. Nd3 Bd6 20. Nfe5 Bxe5 21. Bxe5
f6 22. Bh2 Qe7 23. Kf1 b5 24. f3 Nd6 25. Kf2 bxa4 26. Rhe1 O-O 27. Kg2 Rfe8 28.
Nb4 Bc6 29. Rad1 Nc4 30. Nxc6 Rxc6 31. Rxd5 Qb7 32. Rd4 Qxb2 33. Re2 Qxc2 34.
Rxc2 Ne3+ {White resigns} 0-1

[Event "Team 45 45 League T58"]
[Site "Internet Chess Club"]
[Date "2013.10.20"]
[Round "9"]
[White "RedAttack"]
[Black "mugurelt"]
[Result "1-0"]
[WhiteElo "1866"]
[BlackElo "1821"]
[Opening "Queen's pawn game, Darooha variation "]
[ECO "D02"]
[Time "15:00:20"]
[TimeControl "2700+45"]

1. Nf3 d5 2. d4 Nf6 3. g3 Bf5 4. Bg2 e6 5. O-O Bd6 6. Nh4 Bg4 7. Bg5 h6 8. Bd2
Nbd7 9. Nc3 c6 10. Qe1 Qb6 11. e3 Qxb2 12. Rb1 Qxc2 13. Rxb7 O-O 14. f3 Bh5 15.
Rf2 Qh7 16. g4 Bg6 17. Nxg6 Qxg6 18. e4 dxe4 19. Nxe4 Nxe4 20. Qxe4 Qxe4 21.
fxe4 Nb6 22. e5 Ba3 23. Bxc6 Rac8 24. Bg2 Rc2 25. Rxa7 Bc1 26. Bxc1 Rxc1+ 27.
Rf1 Rxf1+ 28. Kxf1 Rd8 29. Ra6 Nc4 30. Ra8 Rxa8 31. Bxa8 Ne3+ 32. Kf2 Nc2 33. d5
exd5 34. Bxd5 Nb4 35. Bc4 Kf8 36. Ke3 Ke7 37. Ke4 Nc6 38. a4 f6 39. exf6+ gxf6
40. Bb5 Na5 41. h4 Nb7 42. Kf5 Kf7 43. Bc6 Nc5 44. a5 h5 45. Bd5+ Kg7 46. gxh5
Na6 47. Bc4 Nb8 48. Be2 Nc6 49. a6 Na7 50. h6+ Kxh6 51. Kxf6 Kh7 52. h5 Kh6 53.
Ke6 Nc8 54. Kd5 Kg5 55. Kc6 Na7+ 56. Kb7 {Black resigns} 1-0

[Event "Team 45 45 League T58"]
[Site "Internet Chess Club"]
[Date "2013.10.20"]
[Round "9"]
[White "noblitz-oblige"]
[Black "OneDirection"]
[Result "1-0"]
[WhiteElo "1611"]
[BlackElo "1491"]
[Opening "Sicilian: Najdorf"]
[ECO "B90"]
[Time "12:00:12"]
[TimeControl "2700+45"]

1. e4 c5 2. Nf3 d6 3. d4 cxd4 4. Nxd4 Nf6 5. Nc3 a6 6. a3 e6 7. Bc4 Be7 8. O-O
O-O 9. Be3 Qc7 10. Bb3 Nc6 11. h3 Bd7 12. Qe2 b5 13. Rad1 Rfd8 14. f4 Rac8 15.
f5 Nxd4 16. Bxd4 e5 17. Be3 Bc6 18. Bg5 h6 19. Bxf6 Bxf6 20. Rf3 Bb7 21. Rg3 Bh4
22. Rg4 Qb6+ 23. Kh1 Bg5 24. Bd5 Bxd5 25. Nxd5 Qa7 26. f6 Rc4 27. h4 Bf4 28.
Rxg7+ Kh8 29. Qg4 Bg5 30. hxg5 Qf2 31. gxh6 {Black resigns} 1-0

[Event "Team 45 45 League T58"]
[Site "Internet Chess Club"]
[Date "2013.10.19"]
[Round "9"]
[White "pereelcoix"]
[Black "RD1974"]
[Result "1-0"]
[WhiteElo "1655"]
[BlackElo "1625"]
[Opening "French: Steinitz variation"]
[ECO "C11"]
[Time "11:01:38"]
[TimeControl "2700+45"]

1. e4 e6 2. d4 d5 3. Nc3 Nf6 4. e5 Nfd7 5. f4 c5 6. Nf3 Be7 7. Bd3 Nc6 8. Be3 a6
9. O-O Qc7 10. Qe1 Nb4 11. Qd2 Nxd3 12. Qxd3 b5 13. a3 c4 14. Qe2 Nb6 15. Rfd1
Bd7 16. Bf2 Qd8 17. Bg3 h5 18. Nd2 h4 19. Bf2 f5 20. exf6 gxf6 21. Qg4 f5 22.
Qg6+ Kf8 23. Nf3 Bf6 24. Ng5 Bxg5 25. fxg5 Qe7 26. Ne2 Be8 27. Nf4 Bxg6 28.
Nxg6+ Kf7 29. Nxe7 Kxe7 30. Re1 Nc8 31. c3 Nd6 32. a4 Ne4 33. axb5 axb5 34. Rxa8
Rxa8 35. Bxh4 Ra2 36. Rb1 Kf7 37. Be1 Nxg5 38. h4 Ne4 39. Kh2 Kg6 40. Kh3 Kh5
41. g3 Nf6 42. Bd2 Ng4 43. Kg2 e5 44. dxe5 Nxe5 45. Bf4 Nd3 46. Kf3 b4 47. cxb4
Nxb4 48. Bd6 Nc2 49. Kf4 Kg6 50. Rh1 d4 51. h5+ Kh7 52. Kxf5 Rxb2 53. Bf4 Rb5+
54. Ke4 d3 55. g4 Rb7 56. g5 Re7+ 57. Kd5 c3 58. Kc4 d2 59. g6+ Kh8 60. h6 Re1
61. h7 d1=Q 62. g7+ Kxg7 63. h8=Q+ Kg6 64. Qh7+ Kf6 65. Rh6# {Black checkmated}
1-0

[Event "Team 45 45 League T58"]
[Site "Internet Chess Club"]
[Date "2013.10.20"]
[Round "9"]
[White "pmxpp"]
[Black "Leon13"]
[Result "1/2-1/2"]
[WhiteElo "1443"]
[BlackElo "1412"]
[Opening "French: Swiss variation"]
[ECO "C11"]
[Time "14:36:54"]
[TimeControl "2700+45"]

1. d4 d5 2. e4 Nf6 3. Nc3 e6 4. Bd3 a6 5. Nf3 c5 6. Bg5 Be7 7. e5 Nfd7 8. Bxe7
Qxe7 9. Be2 Nc6 10. O-O cxd4 11. Nxd4 Ncxe5 12. Nf3 O-O 13. Re1 Nxf3+ 14. Bxf3
Qf6 15. Qe2 b5 16. Rab1 Bb7 17. a3 Rab8 18. h3 Nb6 19. Na2 d4 20. Bxb7 Rxb7 21.
c3 dxc3 22. Nxc3 Rd8 23. Red1 Rbd7 24. Rxd7 Rxd7 25. Rd1 Rxd1+ 26. Qxd1 g6 27.
Ne4 Qe7 28. Qd4 Nd5 29. g3 f5 30. Nc5 a5 31. Nb3 b4 32. Nc5 bxa3 33. bxa3 Qf6
34. Qxf6 Nxf6 35. Nxe6 Kf7 36. Nd4 Nd5 {Game drawn by mutual agreement} 1/2-1/2

[Event "Team 45 45 League T58"]
[Site "Internet Chess Club"]
[Date "2013.10.20"]
[Round "9"]
[White "semperfi"]
[Black "seattleblues"]
[Result "0-1"]
[WhiteElo "1400"]
[BlackElo "1544"]
[Opening "Queen's pawn game"]
[ECO "A45"]
[Time "21:00:14"]
[TimeControl "2700+45"]

1. d4 Nf6 2. e3 e6 3. Bd3 c5 4. f4 cxd4 5. exd4 b6 6. Nf3 Ba6 7. O-O Bxd3 8.
Qxd3 d5 9. Ne5 Bd6 10. Nc3 O-O 11. Qf3 Nfd7 12. Qg4 f5 13. Qh5 Qe8 14. Qh3 Rf6
15. Qg3 Bxe5 16. dxe5 Rg6 17. Qf3 a6 18. Nxd5 Qd8 19. Ne7+ Qxe7 20. Qxa8 Qc5+
21. Rf2 h6 22. Qf3 Qd4 23. c3 Qc5 24. Be3 Qe7 25. Rd1 Kh7 26. Rfd2 Nc5 27. Bxc5
Qxc5+ 28. Qf2 Qb5 29. Rd6 Nc6 30. Qf1 Qc5+ 31. Qf2 Qb5 32. b4 Qc4 33. Qd2 Qe4
34. Qf2 Ne7 35. Rxb6 Nd5 36. Rb8 Nxf4 37. g3 Nh3+ 38. Kf1 Nxf2 39. Kxf2 Qc2+ 40.
Ke1 Qxc3+ 41. Ke2 Qxe5+ 42. Kf2 Qxb8 43. a3 Qb6+ {White resigns} 0-1

[Event "Team 45 45 League T58"]
[Site "Internet Chess Club"]
[Date "2013.10.19"]
[Round "9"]
[White "medsurg"]
[Black "dabodhi"]
[Result "0-1"]
[WhiteElo "1318"]
[BlackElo "1396"]
[Opening "French: Steinitz, Gledhill attack"]
[ECO "C11"]
[Time "18:01:29"]
[TimeControl "2700+45"]

1. e4 e6 2. d4 d5 3. Nc3 Nf6 4. e5 Nfd7 5. Qg4 c5 6. Nf3 cxd4 7. Qxd4 Nc6 8. Qf4
Nb4 9. Bd3 b6 10. Qd2 Nc5 11. Bb5+ Bd7 12. Bxd7+ Qxd7 13. O-O a5 14. a3 Nc6 15.
Re1 h6 16. Qd1 Be7 17. Nd4 Nxd4 18. Qxd4 Qc6 19. Be3 Rd8 20. Rac1 Nd7 21. Qg4 g5
22. Bd4 Nf8 23. Qe2 Ng6 24. Qb5 Qxb5 25. Nxb5 O-O 26. Bxb6 Rb8 27. Bxa5 Rxb5 28.
b4 Bd8 29. c4 dxc4 30. Rxc4 Bxa5 31. bxa5 Rxa5 32. g3 Nxe5 33. Rc3 Rd8 34. Kg2
Rd2 35. Ree3 Ng4 36. Rf3 Kg7 37. Rc7 Ne5 38. Re3 Ng4 39. Rf3 Ne5 40. Re3 Kg6 41.
h3 Rd3 42. Rc3 Rxe3 43. Rxe3 Nc4 44. Rc3 Nxa3 45. Kf3 Ra4 46. g4 Nb5 47. Rd3
Rf4+ 48. Kg2 Nd4 49. Ra3 f5 50. f3 fxg4 51. fxg4 h5 52. gxh5+ Kxh5 53. Re3 Rf5
54. Re4 e5 55. Kg3 Nf3 56. Kg2 Nh4+ 57. Kg1 Nf3+ 58. Kg2 Nd2 59. Re2 Nc4 60. Re4
Nd6 61. Re3 e4 62. Ra3 Re5 63. Kf1 e3 64. Ke2 Nc4 {White resigns} 0-1

[Event "Team 45 45 League T58"]
[Site "Internet Chess Club"]
[Date "2013.10.18"]
[Round "9"]
[White "Aquaman"]
[Black "rgadoury"]
[Result "1-0"]
[WhiteElo "1378"]
[BlackElo "1233"]
[Opening "Réti: King's Indian attack (Barcza system)"]
[ECO "A07"]
[Time "20:03:31"]
[TimeControl "2700+45"]

1. Nf3 d5 2. g3 Nf6 3. Bg2 e6 4. O-O Be7 5. d3 O-O 6. Nbd2 Nbd7 7. Re1 Rb8 8. e4
dxe4 9. dxe4 e5 10. Nc4 Bd6 11. Nxd6 cxd6 12. Qxd6 b6 13. Nxe5 Bb7 14. Nc6 Bxc6
15. Qxc6 Ne5 16. Qc3 Qe7 17. Bf4 Rbc8 18. Qxe5 Qxe5 19. Bxe5 Rxc2 20. Rac1 Rxc1
21. Rxc1 Nd7 22. Bc3 f6 23. Bh3 Ne5 24. Bxe5 fxe5 25. Rc7 {Black resigns} 1-0

[Event "Team 45 45 League T58"]
[Site "Internet Chess Club"]
[Date "2013.10.22"]
[Round "9"]
[White "WzeroMN"]
[Black "artspir"]
[Result "1/2-1/2"]
[WhiteElo "1128"]
[BlackElo "1156"]
[Opening "Caro-Kann: advance variation"]
[ECO "B12"]
[Time "15:00:48"]
[TimeControl "2700+45"]

1. e4 c6 2. d4 d5 3. e5 Bf5 4. Bd3 Bxd3 5. Qxd3 Nd7 6. Nf3 e6 7. O-O Bb4 8. Bd2
Bxd2 9. Nbxd2 Ne7 10. b4 b6 11. c3 c5 12. bxc5 bxc5 13. Rab1 c4 14. Qc2 O-O 15.
Ng5 Ng6 16. Ngf3 Qc7 17. Ng5 Rab8 18. Rxb8 Rxb8 19. Rb1 Rb6 20. Rxb6 axb6 21.
Qa4 Qb7 22. Qb5 h6 23. Ngf3 Qa7 24. a4 Nf4 25. Qc6 Ne2+ 26. Kf1 Nxc3 27. Qc8+
Kh7 28. Qe8 Nb8 29. Qd8 Nxa4 30. Qh4 Kg8 31. Qd8+ Kh7 32. Qh4 Kg8 33. Qd8+ Kh7
{Game drawn by repetition} 1/2-1/2

[Event "Team 45 45 League T58"]
[Site "Internet Chess Club"]
[Date "2013.10.19"]
[Round "9"]
[White "mongmong"]
[Black "Littlemon"]
[Result "1-0"]
[WhiteElo "1644"]
[BlackElo "1443"]
[Opening "QGD Slav: 4.e3 Bf5"]
[ECO "D12"]
[Time "20:00:20"]
[TimeControl "2700+45"]

1. d4 d5 2. Nf3 Nf6 3. e3 Bf5 4. c4 c6 5. Nc3 e6 6. Nh4 Bg6 7. Qb3 Qb6 8. Nxg6
hxg6 9. Qxb6 axb6 10. cxd5 Nxd5 11. Nxd5 exd5 12. Bd2 Nd7 13. Bd3 Bd6 14. e4
dxe4 15. Bxe4 Rxh2 16. Rxh2 Bxh2 17. g3 Nf6 18. Bf3 O-O-O 19. Be3 Nd5 20. Bxd5
Rxd5 21. Kf1 Rh5 22. Kg2 Bxg3 23. fxg3 Rb5 24. b3 Rd5 25. Rc1 Rd7 26. Rh1 Re7
27. Rh8+ Kc7 28. Bf4+ Kd7 29. Kf2 Ke6 30. Be3 Kf5 31. Kf3 Rc7 32. Re8 Kf6 33.
Re5 g5 34. Bxg5+ Kg6 35. Re7 Rxe7 36. Bxe7 f6 37. a4 Kf7 38. Bd8 b5 39. axb5
cxb5 40. g4 g5 41. Ke4 Kg6 42. b4 Kf7 43. Kf5 b6 44. Bxf6 {Black resigns} 1-0

[Event "Team 45 45 League T58"]
[Site "Internet Chess Club"]
[Date "2013.10.19"]
[Round "9"]
[White "vjbaker"]
[Black "pcvan"]
[Result "1-0"]
[WhiteElo "1731"]
[BlackElo "1480"]
[Opening "French: Winawer (Nimzovich) variation"]
[ECO "C15"]
[Time "14:01:28"]
[TimeControl "2700+45"]

1. e4 e6 2. d4 d5 3. Nc3 Bb4 4. Bd3 c5 5. dxc5 Bxc5 6. exd5 exd5 7. Bb5+ Nc6 8.
Qxd5 Qxd5 9. Nxd5 Bd6 10. Nf3 Ne7 11. Nxe7 Bxe7 12. Ne5 O-O 13. Nxc6 bxc6 14.
Bxc6 Rb8 15. O-O Be6 16. b3 Rfd8 17. Bb2 Rd2 18. Be4 Rbd8 19. Bc3 R2d7 20. Ba5
Rc8 21. c4 Rd4 22. Rfe1 Bc5 23. Rad1 Rxd1 24. Rxd1 g6 25. Rd8+ Rxd8 26. Bxd8 Kf8
27. Bf6 Ke8 28. Bc6+ Bd7 29. Bxd7+ Kxd7 30. Kf1 Ke6 31. Bc3 Kf5 32. b4 Bb6 33.
c5 Bc7 34. h3 Ke4 35. Ke2 f5 36. f3+ Kf4 37. Be1 Ke5 38. Kd3 Kd5 39. a4 a6 40.
Bf2 Bd8 41. b5 axb5 42. axb5 Be7 43. c6 {Black resigns} 1-0

[Event "Team 45 45 League T58"]
[Site "Internet Chess Club"]
[Date "2013.10.21"]
[Round "9"]
[White "Merlin43"]
[Black "DeltaChess"]
[Result "1-0"]
[WhiteElo "1445"]
[BlackElo "1326"]
[Opening "Queen's pawn, Mason variation"]
[ECO "D00"]
[Time "16:16:10"]
[TimeControl "2700+45"]

1. d4 d5 2. Bf4 Bf5 3. c4 c6 4. e3 e6 5. Nf3 Bd6 6. Bg3 Bxg3 7. hxg3 Nf6 8. Nc3
Nbd7 9. Qb3 Rb8 10. cxd5 exd5 11. Nh4 Bg6 12. Nxg6 fxg6 13. Qa3 a6 14. Bd3 Kf7
15. e4 Nb6 16. e5 Nh5 17. Ne2 Qg5 18. Qb4 Na8 19. Qd2 h6 20. f4 Nxf4 21. gxf4
Qg4 22. O-O h5 23. f5 g5 24. e6+ Kf6 25. Qe3 Ke7 26. Qe5 Rbg8 27. f6+ gxf6 28.
Qxf6+ Ke8 29. Qf7+ Kd8 30. Qd7# {Black checkmated} 1-0

[Event "Team 45 45 League T58"]
[Site "Internet Chess Club"]
[Date "2013.10.19"]
[Round "9"]
[White "viktory"]
[Black "Visin"]
[Result "0-1"]
[WhiteElo "1387"]
[BlackElo "1307"]
[Opening "QGD Slav: 4.Nc3"]
[ECO "D15"]
[Time "09:15:15"]
[TimeControl "2700+45"]

1. d4 d5 2. c4 c6 3. Nc3 Nf6 4. Nf3 h6 5. e3 Bf5 6. Be2 e6 7. O-O Nbd7 8. c5 b6
9. b4 bxc5 10. bxc5 Be7 11. Rb1 Bxb1 12. Bd2 Be4 13. Qa4 Qc7 14. Ne5 O-O 15.
Nxc6 Nb8 16. Nxe4 Nxe4 17. Nxb8 Raxb8 18. Ba5 Qc8 19. Bb5 a6 20. Bd7 Qb7 21. c6
Qb5 22. c7 Qxa4 23. cxb8=Q Rxb8 24. Bxa4 Nd6 25. f3 Nc4 26. Bc7 Rb4 27. Bb3 Nxe3
28. Re1 Nf5 29. g4 Nxd4 30. Re3 Nxb3 31. axb3 Rb7 32. Bf4 f6 33. Kf1 e5 34. Bg3
a5 35. Ke2 d4 36. Rd3 Bd6 37. Kd1 Kf7 38. Kc2 g6 39. Kb2 a4 40. Ka2 axb3+ 41.
Rxb3 Rxb3 42. Kxb3 Ke6 43. Kc4 f5 44. h3 fxg4 45. fxg4 h5 46. Bh2 hxg4 47. hxg4
Bb8 48. Bg3 Ba7 49. Bh2 e4 50. Bg3 e3 51. Kd3 Bc5 52. Ke2 Bd6 53. Be1 Bf4 54.
Kd3 Kd5 55. Bh4 Ke5 56. Be1 Kd5 57. Ba5 Be5 58. Bb6 Ke6 59. Ba5 Kf6 60. Bd8+ Ke6
61. Ba5 Kd5 62. Be1 Kc5 63. Ba5 Kb5 64. Bd8 Kb4 65. Bh4 Kb3 66. Be1 Kb2 67. g5
Kc1 68. Bb4 Kd1 69. Ba5 e2 70. Bb4 e1=Q 71. Bxe1 Kxe1 {White resigns} 0-1